Map: Dragon Scales LE

Players

DunWaun - Winner!

  • Race: Terran Terran
  • League: Gold
  • Spawn Location: 5:00

mcbjj

  • Race: Terran Terran
  • League: Gold
  • Spawn Location: 11:00

VOD

Have the link to the VOD?

Description

Time

  • Played on: April 19, 2023, 5:56 p.m.
  • Length: 35:58
Show
View Real Time Build Order
Export as new Build Order

DunWaun Terran - Winner!

Build Orders:  

Get SALT Encoding   

  12  0:00  SCV  
  13  0:12  SCV  
  14  0:19  Supply Depot  
  14  0:25  SCV  
  15  0:36  Refinery  
  15  0:41  SCV  
  16  0:45  Barracks  
  16  0:53  SCV  
  17  1:05  SCV  
  18  1:17  SCV  
  19  1:24  Supply Depot  
  19  1:29  SCV  
  20  1:34  Reaper  
  21  1:42  SCV  
  22  1:49  Command Center  
  22  1:55  SCV  
  23  2:04  Refinery  
  23  2:06  Reaper  
  24  2:21  SCV  
  25  2:45  Barracks Tech Lab  
  25  2:51  Orbital Command  
  25  2:53  Barracks  
  25  2:58  Factory  
  25  3:03  Orbital Command  
  25  3:10  Marine  
  25  3:11  Stimpack  
  26  3:19  Bunker  
  26  3:20  SCV  
  26  3:23  Orbital Command  
  27  3:31  Marine  
  27  3:32  SCV  
  29  3:44  SCV  
  30  3:49  Barracks Reactor  
  30  3:52  Factory Tech Lab  
  30  3:57  SCV  
  30  3:58  Starport  
  30  4:00  SCV  
  32  4:09  SCV  
  33  4:10  Marine  
  33  4:13  SCV, Barracks  
  35  4:18  Supply Depot  
  35  4:21  SCV, Siege Tank  
  39  4:29  SCV  
  40  4:33  SCV  
  41  4:42  Marine x2  
  41  4:44  Medivac  
  44  4:54  SCV  
  45  5:06  SCV  
  43  5:09  SCV  
  43  5:10  Siege Tank  
  43  5:13  Marine  
  43  5:14  Marine  
  49  5:15  Barracks Reactor  
  49  5:20  SCV  
  50  5:21  SCV  
  51  5:30  Supply Depot  
  51  5:32  SCV, Marine x2  
  51  5:35  Starport Reactor  
  54  5:44  Engineering Bay  
  54  5:52  Marine, Command Center  
  54  5:53  Combat Shield  
  55  6:04  SCV  
  56  6:12  SCV, Refinery  
  56  6:14  Refinery  
  56  6:16  SCV  
  58  6:24  Marine x2  
  58  6:25  Marine x2  
  62  6:36  Supply Depot  
  62  6:37  Supply Depot  
  62  6:53  Supply Depot  
  62  6:55  Supply Depot  
  62  6:56  Supply Depot  
  62  6:58  Viking x2, Marine x2, SCV x2  
  62  7:00  Marine x2  
  72  7:02  Marauder  
  72  7:06  Siege Tank  
  77  7:10  SCV x2  
  79  7:16  Orbital Command  
  79  7:22  SCV x2  
  81  7:23  Terran Infantry Weapons Level 1  
  81  7:29  Marine x2  
  83  7:34  SCV  
  83  7:36  Medivac  
  86  7:40  Orbital Command  
  78  7:59  SCV  
  79  8:06  Medivac  
  79  8:07  Medivac  
  79  8:08  Marine x3, Siege Tank  
  79  8:09  Marine x2  
  79  8:10  SCV  
  79  8:11  SCV  
  93  8:22  SCV  
  93  8:23  SCV  
  93  8:26  Marine, Supply Depot  
  96  8:27  Marine  
  96  8:30  SCV  
  98  8:34  SCV  
  98  8:35  SCV  
  98  8:37  Barracks  
  98  8:39  Barracks  
  100  8:42  SCV  
  100  8:44  Armory  
  100  8:45  Marine  
  100  8:47  SCV x2  
  104  8:54  SCV  
  105  8:59  SCV  
  106  9:02  Missile Turret  
  106  9:08  Missile Turret  
  106  9:09  Siege Tank  
  109  9:11  SCV  
  109  9:12  Marine  
  109  9:13  Marine x2  
  113  9:27  Barracks Tech Lab  
  113  9:28  Barracks Reactor  
  113  9:31  Marine  
  113  9:32  Factory  
  113  9:35  Command Center  
  114  10:03  Marine x3  
  114  10:04  Marine x2  
  114  10:05  Marine  
  120  10:12  Siege Tank, Medivac  
  125  10:24  Supply Depot  
  125  10:28  Command Center  
  125  10:36  SCV, Marine x2, Medivac  
  121  10:53  Marine  
  114  11:04  Marine x3  
  114  11:05  Marine x2  
  114  11:09  Marine  
  116  11:11  Marine  
  111  11:22  SCV, Marine  
  111  11:23  Marine x2  
  111  11:24  Factory  
  115  11:26  SCV  
  115  11:29  Factory  
  115  11:30  Factory  
  115  11:32  Barracks  
  116  11:33  Refinery  
  116  11:34  Refinery  
  116  11:36  SCV  
  116  11:38  SCV  
  118  11:48  SCV  
  118  11:52  Planetary Fortress  
  119  12:02  Marine x4  
  119  12:03  Marine x2  
  119  12:06  Marine  
  126  12:09  Marine  
  126  12:10  Factory Tech Lab, Widow Mine  
  126  12:13  Viking x2  
  133  12:16  Factory Tech Lab  
  133  12:19  Marine  
  133  12:20  Marine x3  
  133  12:21  Marine  
  138  12:24  Marine  
  138  12:26  Marine  
  140  12:31  Widow Mine  
  142  12:42  SCV, Marine  
  144  12:46  Missile Turret  
  144  12:50  SCV  
  145  12:54  SCV  
  146  13:00  Marine  
  146  13:02  SCV  
  148  13:06  SCV  
  149  13:14  SCV  
  149  13:18  SCV  
  151  13:26  Marine  
  152  13:33  Supply Depot  
  152  13:34  Supply Depot  
  152  13:37  Command Center  
  152  13:40  Command Center  
  152  13:42  Command Center  
  152  13:44  Marine  
  152  13:46  Refinery  
  152  13:48  Siege Tank x2  
  159  13:56  Planetary Fortress  
  159  14:02  Marine  
  160  14:13  Viking x2  
  160  14:16  Factory Tech Lab  
  164  14:18  Factory Tech Lab  
  164  14:19  Marine  
  164  14:20  Siege Tank  
  164  14:22  Starport  
  168  14:25  Starport  
  166  14:37  Marine  
  118  14:45  Marine  
  118  14:46  Siege Tank  
  118  14:47  Siege Tank  
  125  14:53  SCV  
  125  14:57  SCV, Command Center  
  125  14:58  SCV  
  128  15:03  SCV, Marine  
  128  15:05  SCV  
  131  15:09  SCV  
  131  15:10  SCV  
  131  15:12  Siege Tank  
  136  15:15  SCV  
  136  15:17  SCV  
  136  15:18  Siege Tank  
  136  15:19  Siege Tank  
  144  15:21  Marine  
  144  15:22  SCV  
  144  15:24  Refinery  
  144  15:26  Refinery  
  146  15:29  SCV  
  146  15:30  Missile Turret  
  147  15:41  SCV, Marine x3  
  147  15:42  Marine x3  
  154  15:43  Marine  
  155  15:53  SCV  
  156  15:59  Marine x4  
  156  16:00  Marine x2  
  156  16:01  Marine  
  162  16:05  SCV  
  163  16:12  Marine  
  163  16:17  SCV, Marine x5  
  168  16:19  Barracks, Marine  
  168  16:21  Barracks  
  168  16:25  Refinery  
  169  16:29  SCV  
  169  16:30  Marine  
  170  16:35  Marine  
  170  16:36  Marine, Medivac x2  
  176  16:41  SCV  
  173  16:48  Marine  
  174  16:55  Marine x5  
  174  16:56  Marine x2  
  174  16:59  Siege Tank  
  174  17:00  Siege Tank x2  
  190  17:02  Orbital Command  
  190  17:06  Marine  
  191  17:13  Marine x6  
  191  17:14  Marine  
  195  17:24  Marine  
  196  17:30  Marine  
  196  17:31  Marine x3  
  200  17:37  Barracks Tech Lab  
  200  17:46  Barracks Reactor  
  200  18:06  Supply Depot  
  200  18:08  Engineering Bay  
  200  18:09  Supply Depot  
  200  18:10  Engineering Bay  
  184  18:33  Marine  
  184  18:34  Marine x5  
  178  18:35  Marine  
  178  18:36  Siege Tank, Marine x2  
  178  18:37  Widow Mine  
  174  18:57  Supply Depot  
  174  18:59  Supply Depot x2  
  174  19:04  Marine  
  174  19:05  Marine  
  171  19:11  Marine  
  171  19:13  SCV, Marine  
  171  19:18  Siege Tank, Viking x2, Marine  
  171  19:20  Command Center  
  171  19:21  Widow Mine x2  
  171  19:22  Marine  
  171  19:23  Marine  
  171  19:24  Supply Depot  
  185  19:25  SCV  
  185  19:29  Marine  
  185  19:30  Marine  
  188  19:41  Marine  
  188  19:42  Widow Mine  
  191  19:47  Marine  
  191  19:48  Viking  
  194  19:56  Orbital Command  
  194  19:59  Marine  
  183  20:04  Marine x2  
  183  20:05  Marine  
  178  20:09  SCV, Marine  
  178  20:10  Marine  
  178  20:11  Marine  
  178  20:12  Siege Tank x2  
  178  20:13  Siege Tank  
  178  20:14  Siege Tank  
  194  20:15  Starport Tech Lab  
  194  20:16  Marine, Starport Tech Lab  
  194  20:17  SCV  
  197  20:21  SCV  
  197  20:22  Marine  
  193  20:28  Marine  
  193  20:29  SCV  
  193  20:33  SCV  
  193  20:39  Marine x5  
  193  20:40  Marine  
  187  20:45  Marine  
  187  20:46  Marine  
  187  20:48  Marine  
  190  20:57  Marine x6  
  184  21:00  Siege Tank x2  
  184  21:03  Marine  
  193  21:04  Marine  
  193  21:05  Marine  
  191  21:14  Marine  
  191  21:15  SCV, Marine x2  
  191  21:16  Command Center  
  195  21:19  Command Center  
  195  21:21  Barracks Reactor  
  195  21:22  SCV  
  195  21:23  Marine  
  195  21:24  Marine x3  
  200  21:34  Terran Infantry Armor Level 1  
  185  22:26  Marine  
  159  22:50  Marine  
  159  22:51  Marine x6  
  149  22:52  Marine x3  
  149  22:55  Widow Mine  
  149  22:56  Widow Mine x2  
  149  22:57  Widow Mine x2  
  167  22:59  Viking  
  167  23:02  Raven  
  168  23:08  Marine x2  
  168  23:09  Marine x7  
  168  23:10  SCV  
  178  23:21  Fusion Core  
  178  23:22  SCV  
  178  23:26  Armory  
  179  23:28  Viking  
  181  23:34  SCV  
  182  23:47  SCV  
  180  23:59  SCV x2  
  177  24:10  SCV  
  177  24:11  SCV  
  176  24:22  SCV  
  176  24:23  Battlecruiser  
  176  24:24  Battlecruiser  
  188  24:27  Starport  
  185  24:35  SCV  
  180  24:47  SCV  
  176  24:57  Starport Tech Lab  
  176  25:25  Battlecruiser  
  176  25:27  Battlecruiser  
  176  25:28  Battlecruiser  
  194  25:31  Starport Tech Lab  
  194  25:46  Command Center  
  194  25:52  Missile Turret  
  194  25:55  Missile Turret  
  194  25:57  Missile Turret  
  193  26:01  Missile Turret  
  193  26:02  Missile Turret  
  193  26:04  Missile Turret  
  193  26:05  SCV  
  194  26:17  SCV  
  195  26:29  Viking  
  185  27:05  Battlecruiser  
  185  27:06  Battlecruiser  
  185  27:07  Battlecruiser  
  194  27:09  Thor  
  194  27:11  Factory Tech Lab  
  160  28:18  Battlecruiser x2  
  170  28:25  Battlecruiser  
  174  28:27  Battlecruiser  
  170  28:51  SCV  
  157  29:03  SCV  
  158  29:16  SCV  
  159  29:22  Battlecruiser x2  
  171  29:28  SCV  
  172  29:31  Battlecruiser  
  165  29:40  SCV  
  157  29:48  Marine  
  158  29:54  Battlecruiser  
  164  30:01  Refinery  
  164  30:03  Refinery  
  156  30:26  Battlecruiser  
  156  30:27  Battlecruiser  
  168  30:31  Fusion Core  
  168  30:35  Battlecruiser  
  168  30:36  Armory  
  174  30:55  SCV  
  175  31:07  SCV  
  169  31:19  SCV x2  
  171  31:26  Command Center  
  171  31:33  SCV  
  170  31:45  SCV  
  156  32:03  SCV  
  156  32:20  Supply Depot  
  156  32:22  Supply Depot  
  156  32:23  Supply Depot  
  156  32:24  Supply Depot  
  156  32:25  Supply Depot, Barracks  
  156  32:29  Supply Depot  
  156  32:37  SCV  
  156  32:38  Battlecruiser x2  
  169  32:45  Weapon Refit  
  169  32:46  Terran Vehicle Weapons Level 1  
  163  33:28  Battlecruiser  
  163  33:42  Battlecruiser x2  
  157  34:16  Orbital Command  
  157  34:46  Battlecruiser  
  163  34:53  Refinery  
  163  35:06  Marine  
  163  35:07  Marine x8  
  146  35:08  Marine  
  146  35:11  Marine  
  138  35:24  Marine x3  
  138  35:25  Marine x7  
  148  35:29  Marine  
Show
View Real Time Build Order
Export as new Build Order

mcbjj Terran 

Build Orders:  

Get SALT Encoding   

  12  0:00  SCV  
  13  0:13  SCV  
  14  0:19  Supply Depot  
  14  0:25  SCV  
  14  0:27  Refinery  
  15  0:42  Barracks  
  15  0:46  SCV  
  16  0:53  Refinery  
  16  0:58  SCV  
  17  1:14  SCV  
  18  1:44  Reaper  
  19  1:49  Orbital Command, Factory  
  19  2:03  Supply Depot  
  19  2:25  SCV, Barracks Reactor  
  19  2:28  Supply Depot  
  20  2:51  Starport  
  20  3:07  SCV  
  20  3:11  Hellion  
  20  3:12  Hellion  
  25  3:14  Marine  
  25  3:19  SCV  
  27  3:20  Barracks  
  27  3:28  Medivac  
  27  3:30  Supply Depot  
  27  3:31  SCV  
  27  3:33  Hellion  
  34  3:41  Hellion  
  34  3:43  SCV  
  34  3:45  Marine  
  36  3:55  SCV  
  36  4:01  Hellion  
  39  4:02  Marine  
  40  4:10  Barracks Tech Lab  
  40  4:11  SCV  
  40  4:14  Medivac  
  43  4:20  Marine  
  43  4:23  SCV  
  45  4:31  Supply Depot  
  45  4:35  Hellion  
  47  4:53  SCV, Hellion  
  48  5:19  Command Center  
  48  5:26  Combat Shield  
  48  5:29  Marine x2  
  48  5:32  Factory Tech Lab  
  48  5:33  SCV  
  51  5:36  Armory  
  51  5:39  Engineering Bay  
  51  5:43  Supply Depot, Medivac  
  51  5:45  SCV  
  54  5:57  SCV  
  55  6:04  Siege Tank  
  55  6:05  Marauder  
  55  6:06  Supply Depot  
  60  6:14  Marine  
  61  6:30  Orbital Command  
  61  6:34  Supply Depot  
  61  6:35  Supply Depot  
  61  6:36  Siege Tank  
  64  6:45  Marine x2  
  64  6:46  Marauder  
  68  6:54  Orbital Command  
  68  7:05  Marine x2  
  68  7:07  Viking  
  68  7:08  Marauder, SCV  
  75  7:09  Siege Tank  
  78  7:20  SCV  
  79  7:24  SCV  
  79  7:26  Refinery  
  79  7:27  Refinery  
  80  7:34  SCV  
  81  7:47  Bunker  
  81  7:49  Missile Turret  
  73  8:04  SCV  
  74  8:11  Marine x2, Siege Tank  
  79  8:16  SCV  
  80  8:24  Missile Turret  
  80  8:26  Missile Turret  
  80  8:28  Missile Turret  
  80  8:32  SCV  
  81  8:39  Marauder, Marine x2  
  85  8:42  Starport Tech Lab  
  85  8:43  Siege Tank  
  85  8:44  SCV  
  85  8:45  Fusion Core  
  85  8:46  SCV  
  90  8:49  Supply Depot  
  90  8:56  SCV, Marine  
  90  8:58  SCV, Missile Turret  
  90  9:00  Marauder  
  95  9:03  Missile Turret  
  95  9:04  Terran Vehicle Weapons Level 1  
  95  9:06  Terran Infantry Weapons Level 1  
  95  9:17  Viking  
  97  9:25  Command Center  
  97  9:35  SCV  
  98  9:47  SCV  
  99  9:52  Marine x2  
  99  9:53  Marine  
  99  9:58  Engineering Bay  
  102  10:01  SCV  
  103  10:13  Battlecruiser  
  109  10:19  Supply Depot  
  109  10:20  Supply Depot  
  109  10:25  Armory, Terran Infantry Armor Level 1  
  106  10:48  Refinery  
  106  10:49  SCV  
  106  10:50  Refinery  
  106  10:55  Stimpack  
  104  11:30  Terran Vehicle Weapons Level 2  
  104  11:32  Terran Infantry Weapons Level 2  
  104  11:34  Marine x3  
  104  11:36  Siege Tank  
  110  11:41  Planetary Fortress  
  110  11:44  Missile Turret  
  110  11:48  Missile Turret  
  110  11:51  Marine  
  110  11:52  Marine x2  
  110  11:53  SCV  
  114  12:04  Factory  
  114  12:05  SCV  
  115  12:09  Starport, Marine x2  
  115  12:10  Marine  
  118  12:17  SCV  
  118  12:21  Supply Depot  
  119  12:23  Terran Vehicle And Ship Armor Level 1, Supply Depot  
  119  12:26  Mag-Field Accelerator  
  119  12:27  Marine x3, Siege Tank  
  125  12:45  SCV, Marine x3  
  125  12:49  Missile Turret  
  129  12:51  Missile Turret  
  129  12:57  SCV, Starport Tech Lab  
  130  13:02  Starport  
  130  13:06  Factory Tech Lab  
  130  13:19  SCV  
  131  13:24  Factory  
  131  13:26  Factory  
  131  13:40  SCV  
  132  13:46  Terran Ship Weapons Level 1  
  132  13:52  SCV  
  132  13:53  Terran Infantry Weapons Level 3  
  133  14:10  Barracks  
  133  14:11  Barracks  
  133  14:12  SCV  
  133  14:16  SCV  
  135  14:28  SCV  
  134  14:35  Command Center  
  107  14:46  SCV  
  107  14:51  Starport Tech Lab  
  108  14:58  SCV  
  108  14:59  Marine x5  
  114  15:07  SCV, Fusion Core  
  114  15:11  SCV  
  116  15:15  Sensor Tower  
  116  15:16  Marine  
  116  15:17  Marine x4  
  121  15:31  Terran Infantry Armor Level 2  
  121  15:32  Command Center  
  121  15:34  Terran Vehicle Weapons Level 3  
  121  15:36  Command Center  
  121  15:38  Missile Turret  
  121  15:39  Barracks Tech Lab x2  
  121  15:40  Terran Vehicle And Ship Armor Level 2  
  121  15:41  Marine x3  
  121  15:42  Missile Turret  
  124  15:43  Missile Turret  
  124  15:46  Missile Turret  
  124  15:48  Missile Turret  
  124  15:58  Marine  
  121  16:07  Factory Tech Lab  
  121  16:08  Factory Tech Lab, Siege Tank  
  121  16:09  Siege Tank  
  121  16:11  Battlecruiser x2  
  138  16:21  SCV  
  138  16:24  Missile Turret  
  139  16:30  Siege Tank  
  139  16:31  Siege Tank  
  145  16:33  SCV  
  146  16:53  Supply Depot x2  
  146  16:55  Weapon Refit  
  146  17:13  Missile Turret  
  146  17:14  Missile Turret  
  146  17:16  Missile Turret  
  140  17:33  Siege Tank  
  140  17:34  Siege Tank x3  
  155  17:37  Marauder x3  
  155  17:38  Medivac  
  157  17:48  SCV  
  158  17:53  Missile Turret  
  158  17:55  Command Center  
  162  17:58  Marauder x2  
  162  18:00  SCV  
  151  18:20  Medivac x2  
  119  19:03  Refinery  
  119  19:04  Planetary Fortress  
  119  19:06  Marine x5  
  124  19:15  SCV  
  124  19:16  Medivac  
  124  19:17  Medivac  
  129  19:24  Marine x5  
  134  19:36  Refinery  
  134  19:39  Missile Turret x2  
  134  19:40  Siege Tank  
  134  19:41  Marine  
  134  19:42  Marine x4  
  142  19:59  Marine  
  143  20:10  SCV  
  144  20:22  SCV  
  145  20:29  Planetary Fortress  
  145  20:34  Siege Tank x3  
  143  21:13  SCV  
  143  21:14  Refinery  
  143  21:18  Medivac x3  
  146  21:20  Siege Tank  
  146  21:21  Marine, Siege Tank x2  
  146  21:22  Marine x3  
  146  21:25  SCV  
  164  21:29  SCV  
  165  21:37  SCV  
  166  21:41  SCV  
  166  21:42  Missile Turret  
  167  21:48  Refinery  
  167  21:53  SCV  
  168  22:05  SCV  
  158  22:37  Refinery  
  156  22:41  SCV  
  157  22:47  Siege Tank x3  
  165  22:53  Marauder  
  165  22:54  Marauder  
  168  23:00  Planetary Fortress  
  168  23:05  Missile Turret  
  168  23:25  SCV  
  168  23:26  Refinery  
  168  23:28  Refinery  
  167  23:37  SCV  
  167  23:40  Marauder x2  
  167  23:41  Marauder, Medivac  
  176  23:51  SCV  
  177  24:02  SCV  
  178  24:03  SCV  
  179  24:14  SCV  
  179  24:15  SCV  
  181  24:28  SCV  
  182  24:40  SCV  
  183  24:52  SCV  
  180  24:58  Medivac x2  
  180  24:59  Marauder  
  186  25:03  SCV  
  186  25:05  Supply Depot  
  187  25:08  Supply Depot  
  187  25:27  Marauder x3, SCV x2  
  195  25:39  SCV  
  195  25:42  SCV  
  197  25:49  Marauder  
  199  25:54  SCV  
  200  26:05  Terran Infantry Armor Level 3  
  200  26:06  Terran Vehicle And Ship Armor Level 3, Terran Ship Weapons Level 2  
  200  26:15  Command Center  
  200  26:20  Command Center  
  195  27:32  Missile Turret  
  195  27:33  Missile Turret  
  195  27:34  Missile Turret x2  
  195  27:37  Cyclone, Missile Turret  
  198  27:38  Marine x2  
  197  27:54  Command Center  
  174  28:27  SCV  
  174  28:32  Missile Turret  
  175  28:34  Siege Tank x2  
  175  28:35  Siege Tank x2  
  175  28:36  Marine x3  
  175  28:38  SCV  
  192  28:41  SCV  
  182  29:03  Marine  
  182  29:04  Marine x4  
  182  29:06  Siege Tank x2  
  182  29:07  Cyclone x2  
  187  29:12  Planetary Fortress  
  187  29:21  Marine x3  
  187  29:22  Marine x2  
  182  29:38  Cyclone  
  182  29:39  Marine x5  
  182  29:52  Missile Turret x2  
  179  29:57  Marine x5  
  173  30:04  Cyclone x3  
  180  30:08  Planetary Fortress  
  180  30:14  Marine, Missile Turret x2  
  180  30:15  Marine x4, Missile Turret x2  
  180  30:16  Missile Turret  
  180  30:17  Missile Turret  
  180  30:20  Missile Turret  
  183  30:21  Missile Turret  
  183  30:23  Missile Turret x2  
  183  30:28  Missile Turret  
  183  30:30  Missile Turret  
  183  30:32  Marine, Missile Turret  
  183  30:33  Marine x4, Missile Turret  
  183  30:34  Missile Turret x3  
  188  30:36  SCV, Missile Turret x2  
  189  30:50  Marine  
  189  30:51  Marine x4  
  194  31:08  Marine x5  
  199  31:11  Command Center  
  199  31:26  Supply Depot  
  199  31:27  Supply Depot x2  
  199  31:28  Supply Depot x2  
  199  31:29  Supply Depot  
  195  31:52  Supply Depot  
  195  31:53  Supply Depot  
  193  31:58  Barracks  
  193  32:00  Barracks  
  193  32:01  Barracks, Missile Turret x2  
  193  32:03  Missile Turret  
  189  32:09  Engineering Bay  
  189  32:10  Armory  
  184  32:34  Planetary Fortress  
  174  33:08  Command Center  
  166  33:49  Supply Depot  
  166  34:01  Supply Depot  
  166  34:03  Supply Depot  
  166  34:04  Refinery  
  166  34:12  Missile Turret  
  165  34:18  SCV  
  165  34:20  Marine  
  153  34:25  Missile Turret x2  
  153  34:27  Missile Turret x3  
  153  34:28  Marine x2  
  153  34:30  SCV  
  142  34:38  Marine  
  121  34:45  Marine  
  121  34:46  Marine  
  97  34:56  Marine  
  79  35:03  Marine x2  
  74  35:09  SCV, Refinery  
  74  35:13  Marine  
  77  35:14  SCV  
  77  35:19  Command Center, Factory  
  77  35:21  SCV, Marine x2  
  79  35:31  Marine  
  77  35:39  Marine  
Tags
 
League
GoldGold
Matchup
TvT
Race
Terran
Spawn Locations
Cross Positions
Add a new tag
Caveats
  • Supply blocks, unpowered buildings, or Contaminate may cause inaccurate times.
  • Supply counts are checked every 10 seconds.